 Dungeon Crawl Stone Soup version 0.24-a0-613-g1ff6aac338 (webtiles) character file.

Game seed: 9209047055313267504, levelgen mode: deterministic

407140 Zyracius the Conqueror (level 22, -1/233 HPs)
             Began as a Minotaur Gladiator on Sept 12, 2019.
             Was the Champion of Okawaru.
             Killed from afar by an acid blob (7 damage)
             ... with a splash of acid
             ... on level 3 of the Pits of Slime.
             The game lasted 04:13:38 (46353 turns).

Zyracius the Conqueror (Minotaur Gladiator)        Turns: 46353, Time: 04:13:39

Health: -1/233     AC: 11    Str: 25    XL:     22   Next: 67%
Magic:  18/18      EV: 10    Int:  7    God:    Okawaru [******]
Gold:   3050       SH:  0    Dex: 18    Spells: 21/21 levels left

rFire    + + +     SeeInvis +   w - +18 lance "Wyrmbane" {slay drac, rPois rF+ rC+ AC+3}
rCold    + + .     Gourm    .   s - +2 shield of Resistance {rF+ rC+ MR+}
rNeg     + + .     Faith    .   k - +1 plate armour of Knowledge {rF+ rN+ rCorr Int+2}
rPois    +         Spirit   .   a - +2 hat
rElec    .         Reflect  .   V - +2 cloak {MR+}
rCorr    +         Harm     .   C - +1 pair of gloves of Okawaru's Approval {Slay+2}
MR       +++++     Rnd*Rage +   y - +1 pair of boots
Stlth    ..........             b - amulet of Niess {rC+ MR+ Regen+ SInv}
HPRegen  0.88/turn              S - ring of Patience {+Inv rN+ Slay+4}
MPRegen  0.16/turn              X - ring "Toibribb" {+Fly rC- MR+++ AC+4 Dex+4}

@: confused, corroded, very slightly contaminated, invisible
A: retaliatory headbutt, horns 2, berserk 1, low mp 1, weak 1, subdued magic 1
}: 1/15 runes: serpentine
a: Heroism, Finesse, Renounce Religion, Evoke Flight


You were on level 3 of the Pits of Slime.
You worshipped Okawaru.
Okawaru was exalted by your worship.
You were not hungry.

You visited 8 branches of the dungeon, and saw 41 of its levels.
You visited 2 bazaars.

You collected 4410 gold pieces.
You spent 1360 gold pieces at shops.

Inventory:

Hand Weapons
 w - the +18 lance "Wyrmbane" (weapon) {slay drac, rPois rF+ rC+ AC+3}
   (You found it on level 4 of the Dungeon)

   It affects your AC (+3).
   It protects you from fire.
   It protects you from cold.
   It protects you from poison.
Missiles
 x - a throwing net (quivered)
 Q - 4 silver javelins
Armour
 a - a +2 hat (worn)
 k - the +1 plate armour of Knowledge (worn) {rF+ rN+ rCorr Int+2}
   (You bought it in a shop in a bazaar)

   It affects your intelligence (+2).
   It protects you from fire.
   It protects you from negative energy.
   It provides partial protection from all sources of acid and corrosion.
 o - the +0 cloak "Saoptuin" {rC+ Str+3}
   (Okawaru gifted it to you on level 3 of the Lair of Beasts)

   It affects your strength (+3).
   It protects you from cold.
 p - the +5 plate armour of Lakunuts {rPois Int+4 SInv}
   (You found it on level 6 of the Lair of Beasts)

   It affects your intelligence (+4).
   It protects you from poison.
   It lets you see invisible.
 s - the +2 shield of Resistance (worn) {rF+ rC+ MR+}
   (You bought it in a shop on level 2 of the Orcish Mines)

   It protects you from fire.
   It protects you from cold.
   It affects your resistance to hostile enchantments.
 y - a +1 pair of boots (worn)
 C - the +1 pair of gloves of Okawaru's Approval (worn) {Slay+2}
   (Okawaru gifted it to you on level 3 of the Snake Pit)

   It affects your accuracy and damage with ranged weapons and melee attacks
   (+2).
 V - a +2 cloak of magic resistance (worn)
Jewellery
 b - the amulet of Niess (around neck) {rC+ MR+ Regen+ SInv}
   (You found it on level 2 of the Depths)

   [amulet of regeneration]

   It protects you from cold.
   It affects your resistance to hostile enchantments.
   It lets you see invisible.
   It increases your rate of regeneration.
 c - a +4 ring of dexterity {unknown}
 S - the ring of Patience (left hand) {+Inv rN+ Slay+4}
   (You took it off a big kobold on level 14 of the Dungeon)

   [ring of positive energy]

   It affects your accuracy and damage with ranged weapons and melee attacks
   (+4).
   It protects you from negative energy.
   It lets you turn invisible.
 X - the ring "Toibribb" (right hand) {+Fly rC- MR+++ AC+4 Dex+4}
   (You found it on level 8 of the Dungeon)

   [ring of protection]

   It affects your AC (+4).
   It affects your dexterity (+4).
   It makes you vulnerable to cold.
   It affects your resistance to hostile enchantments.
   It lets you fly.
Wands
 A - a wand of polymorph (31)
 F - a wand of paralysis (26)
 I - a wand of digging (2)
 K - a wand of acid (18)
 O - a wand of clouds (13)
 Z - a wand of disintegration (15)
Scrolls
 d - 3 scrolls of amnesia
 e - 4 scrolls of fear
 g - 8 scrolls of enchant weapon
 h - 15 scrolls of teleportation
 j - 4 scrolls of fog
 l - 2 scrolls of blinking
 n - 25 scrolls of remove curse
 L - a scroll of holy word
 T - 11 scrolls of identify
 W - 6 scrolls of magic mapping
Potions
 m - 6 potions of magic
 q - 8 potions of mutation
 r - 11 potions of curing
 t - 3 potions of flight
 v - 2 potions of haste
 z - 10 potions of lignification
 B - a potion of resistance
 H - a potion of cancellation
 J - 2 potions of ambrosia
 N - a potion of invisibility
 P - a potion of agility
Miscellaneous
 D - a lightning rod (4/4)
 E - a lamp of fire
 G - a sack of spiders
 R - a fan of gales
Comestibles
 f - 52 rations


   Skills:
 O Level 27 Fighting
   Level 3.6 Long Blades
 - Level 20.1 Polearms
 - Level 2.0 Throwing
 - Level 21.4 Armour
 - Level 3.2 Dodging
 + Level 22.3 Shields


You had 21 spell levels left.
You didn't know any spells.
Your spell library contained the following spells:

 Spells                   Type           Power        Failure   Level  Hunger
 Corona                   Hex            #......      89%         1    ##.....
 Infusion                 Chrm           #...         89%         1    ##.....
 Sting                    Conj/Pois      #...         89%         1    ##.....
 Blink                    Tloc           N/A          96%         2    ###....
 Call Imp                 Summ           #.......     96%         2    ###....
 Poisonous Vapours        Pois/Air       #.....       96%         2    ###....
 Shroud of Golubria       Chrm/Tloc      #.....       96%         2    ###....
 Slow                     Hex            #.......     96%         2    ###....
 Song of Slaying          Chrm           #.......     96%         2    ###....
 Call Canine Familiar     Summ           #.......     99%         3    ####...
 Conjure Flame            Conj/Fire      #.......     99%         3    ####...
 Gell's Gravitas          Tloc           #.........   99%         3    ####...
 Inner Flame              Hex/Fire       #.......     99%         3    ####...
 Lesser Beckoning         Tloc           #.........   99%         3    ####...
 Mephitic Cloud           Conj/Pois/Air  #.......     99%         3    ####...
 Portal Projectile        Hex/Tloc       #.....       99%         3    ####...
 Regeneration             Chrm/Necr      #.........   99%         3    ####...
 Spectral Weapon          Hex/Chrm       #.......     99%         3    ####...
 Teleport Other           Tloc           #.......     99%         3    ####...
 Cause Fear               Hex            #.........   100%        4    #####..
 Force Lance              Conj/Tloc      #.......     100%        4    #####..
 Leda's Liquefaction      Hex/Erth       #.........   100%        4    #####..
 Olgreb's Toxic Radiance  Pois           #.......     100%        4    #####..
 Passage of Golubria      Tloc           N/A          100%        4    #####..
 Bolt of Magma            Conj/Fire/Erth #.........   100%        5    ######.
 Irradiate                Conj/Tmut      #.........   100%        5    ######.
 Iskenderun's Battlesphe  Conj/Chrm      #.......     100%        5    ######.
 Summon Demon             Summ           #.........   100%        5    ######.
 Venom Bolt               Conj/Pois      #.........   100%        5    ######.
 Conjure Ball Lightning   Conj/Air       #.........   100%        6    #######
 Dispersal                Tloc           #.........   100%        6    #######
 Freezing Cloud           Conj/Ice/Air   #.........   100%        6    #######
 Hydra Form               Tmut           #.........   100%        6    #######
 Iron Shot                Conj/Erth      #.........   100%        6    #######
 Statue Form              Tmut/Erth      #........    100%        6    #######
 Dragon Form              Tmut           #.........   100%        7    #######
 Orb of Destruction       Conj           #.........   100%        7    #######
 Ring of Flames           Chrm/Fire      #.........   100%        7    #######
 Spellforged Servitor     Conj/Summ      #.........   100%        7    #######
 Controlled Blink         Tloc           N/A          100%        8    #######
 Disjunction              Tloc           #.........   100%        8    #######


Dungeon Overview and Level Annotations

Branches:
Dungeon (15/15)            Temple (1/1) D:7            Lair (6/6) D:8
 Shoals (0/4) Lair:4        Snake (4/4) Lair:3        Slime (5/5) Lair:6
    Orc (2/2) D:10            Elf (3/3) Orc:2        Vaults (0/5) D:13
 Depths (5/5) D:15            Zot (0/5) Depths:5

Altars:
Ashenzari
Cheibriados
Dithmenos
Gozag
Kikubaaqudgha
Okawaru
Qazlal
Ru
Sif Muna
Trog
Uskayaw
Vehumet
Xom
Yredelemnul
Zin
Beogh
Jiyva

Shops:
D:5 *   D:9 [   D:15 *   Orc:2 [!![([(*   Elf:2 (   Elf:3 *   Snake:1 }[
Snake:3 (   Depths:3 }=}

Portals:
Hell: Depths:1 Depths:2 Depths:3 Depths:4 Depths:5
Abyss: Depths:1 Depths:2 Depths:4
Pandemonium: Depths:1 Depths:2 Depths:3 Depths:4
Ziggurat: Depths:3

Annotations:
Slime:5 Royal Jelly


Innate Abilities, Weirdness & Mutations

You reflexively headbutt those who attack you in melee.
You have a pair of horns on your head.
You tend to lose your temper in combat.
Your magical capacity is low. (-10% MP)
You are weak. (Str -2)
Your spells are a little easier to cast, but a little less powerful.


Message History

The splash of acid hits you. You resist.
* * * LOW HITPOINT WARNING * * *
The acid corrodes you!
You are splashed with acid.
You resist.
* * * LOW HITPOINT WARNING * * *
The acid blob spits acid at you. The splash of acid hits you. You resist.
* * * LOW HITPOINT WARNING * * *
You are splashed with acid.
You resist.
* * * LOW HITPOINT WARNING * * *
There is a stone staircase leading down here.
Okay, then.
Okay, then.
Okay, then.
Evoke which item? (* to show all) (? for menu, Esc to quit)
Okay, then.
You are confused.
You feel invigorated. The acid blob spits acid at you.
The splash of acid hits you! You resist.
You die...

..###.#. ...### .
... ...## #. #..
....# . ##.##
....# .. ##...##
. ....# #..J..
... ##.##
###...####....
.###
..##.....J.......
..##
.......@J..J.....
...##
..#..............
....#
##.....#####...
...## ####.#. .
#### #.### # #.#
#.. ...


You could see 3 acid blobs and a slime creature.

Vanquished Creatures
  2 juggernauts (Depths:4)
  Saint Roka (Snake:3)
  Frederick (Depths:3)
  The ghost of feelmyfire the Cutthroat, a veteran HaGl of Uskayaw (Depths:3)
  3 golden dragons
  A tentacled monstrosity (Depths:1)
  2 deep elf blademasters
  Rupert (Lair:5)
  A deep elf master archer (Elf:3)
  A titan (Depths:4)
  18 acid blobs
  A sphinx (Depths:1)
  A shadow dragon (Depths:4)
  Gastronok (D:8)
  2 storm dragons (Depths:4)
  2 tengu reavers
  9 nagarajas
  4 draconian monks (Depths:5)
  11 azure jellies
  8 fire giants
  4 deep elf sorcerers
  5 frost giants
  A draconian knight (Depths:5)
  Louise (D:14)
  An orc warlord (Orc:2)
  2 iron dragons (Depths:4)
  A caustic shrike zombie (Depths:2)
  6 deep elf elementalists
  2 spriggan defenders
  A draconian annihilator (Depths:5)
  20 very ugly things
  6 green draconians (Depths:5)
  12 stone giants
  2 vampire knights
  A dire elephant (Lair:6)
  A black draconian (Depths:5)
  9 deep elf demonologists
  3 purple draconians (Depths:5)
  6 deep elf annihilators (Elf:3)
  6 spark wasps
  3 red draconians (Depths:5)
  4 white draconians (Depths:5)
  6 deep elf death magi (Elf:3)
  10 ettins
  7 death oozes
  11 great orbs of eyes
  8 fire dragons
  3 jiangshi
  4 yaktaur captains
  2 deep elf high priests (Elf:3)
  8 ice dragons
  Fannar (Lair:3)
  11 naga warriors
  A vault guard (D:13)
  12 hydras
  5 rakshasas
  9 spriggan air magi
  6 anacondas
  A merfolk avatar (Lair:6)
  25 dancing weapons
  5 centaur warriors
  5 two-headed ogres
  7 deep troll shamans
  A catoblepas (D:14)
  3 vampire magi
  3 deep troll earth magi
  7 spriggan berserkers
  2 tengu warriors
  2 orc high priests (Orc:2)
  12 naga sharpshooters
  23 deep elf knights
  8 spriggans
  A shock serpent (shapeshifter) (Depths:4)
  6 shock serpents
  A large abomination (Elf:2)
  3 sun demons
  2 storm dragon zombies (Depths:2)
  19 hell knights
  5 skeletal warriors (D:15)
  2 salamander mystics (Snake:4)
  4 flayed ghosts (Depths:3)
  9 naga ritualists
  5 unseen horrors
  A shadow demon (Depths:1)
  2 iron trolls
  4 death drakes (Depths:5)
  8 deep trolls
  A gelid demonspawn (Depths:3)
  3 glowing orange brains
  An infernal demonspawn (Depths:3)
  Pikel (D:6)
  2 harpies (Lair:6)
  3 lindwurms (Depths:5)
  11 deep elf archers
  A wolf spider zombie (D:15)
  11 mana vipers
  32 ugly things
  A faun (shapeshifter) (Depths:2)
  An orc knight (D:15)
  3 necromancers (Depths:2)
  6 orc sorcerers
  52 deep elf magi
  A cyclops (shapeshifter) (D:15)
  A salamander (shapeshifter) (Elf:2)
  A manticore (shapeshifter) (Depths:4)
  3 cyclopes
  5 shining eyes
  15 salamanders
  4 manticores
  34 naga magi
  13 spiny frogs
  4 elephants (Lair:6)
  2 guardian serpents
  46 black mambas
  A rust devil (Depths:2)
  8 apocalypse crabs (Depths:3)
  A torpor snail (Lair:2)
  3 eyes of devastation
  A smoke demon (Depths:3)
  A spiny frog (shapeshifter) (Depths:1)
  A gargoyle (D:12)
  4 komodo dragons
  4 rime drakes
  A freezing wraith (D:13)
  3 kobold demonologists
  10 yaktaurs
  An ice devil (Depths:1)
  2 tormentors
  An efreet (D:13)
  A troll (shapeshifter) (D:15)
  2 tengu conjurers (Depths:4)
  8 trolls
  3 meliai (D:15)
  A red devil (Depths:1)
  A wind drake (Lair:6)
  9 hippogriffs
  96 slime creatures
  A wind drake (shapeshifter) (D:13)
  A merfolk (shapeshifter) (Depths:4)
  A meliai (shapeshifter) (D:13)
  6 polar bears
  13 hornets
  10 blink frogs
  A dream sheep (shapeshifter) (Depths:4)
  An ettin skeleton (Depths:2)
  30 yaks
  6 air elementals
  A shadow (D:13)
  4 wraiths
  A vampire (D:10)
  3 fire elementals
  2 wyverns
  9 basilisks
  4 hogs (D:7)
  4 water elementals
  A chaos spawn (Depths:1)
  A human (D:7)
  4 golden eyes (Slime:2)
  A redback simulacrum (D:14)
  4 vampire mosquitoes (D:14)
  3 hungry ghosts
  2 neqoxecs (Depths:2)
  8 wargs
  48 nagas
  A soldier ant (D:12)
  12 water moccasins
  11 porcupines
  A floating eye (shapeshifter) (Depths:1)
  2 floating eyes
  2 swamp drakes (Depths:5)
  A sky beast (D:8)
  26 orc warriors
  6 ice beasts
  2 slaves (D:6)
  A black bear (D:8)
  A black bear (shapeshifter) (Depths:4)
  2 necrophages (D:11)
  6 eyes of draining
  18 centaurs
  12 ogres
  31 wolves
  21 crocodiles
  7 big kobolds
  A bullfrog (shapeshifter) (Depths:2)
  26 bullfrogs
  9 earth elementals
  6 scorpions
  50 killer bees
  4 wights (D:14)
  2 vampire bats (D:10)
  2 electric eels
  A howler monkey (D:5)
  A bullfrog zombie (D:12)
  2 centaur zombies
  11 crimson imps
  2 jellies
  2 quasits
  3 centaur skeletons
  6 hounds
  21 orc priests
  30 orc wizards
  An iron imp (Depths:3)
  Jessica (D:2)
  2 bullfrog skeletons
  Natasha (D:2)
  3 iguanas
  16 worker ants
  A killer bee zombie (D:7)
  A howler monkey zombie (D:8)
  A worker ant zombie (D:11)
  7 gnolls
  9 adders
  9 shadow imps
  5 white imps
  An ooze (D:3)
  An adder zombie (D:7)
  4 worms
  3 dart slugs
  5 leopard geckos
  106 orcs
  A ball python (D:4)
  11 giant cockroaches
  7 goblins
  11 hobgoblins
  5 jackals
  38 kobolds
  6 quokkas
  16 bats
  5 frilled lizards
  12 rats
  3 crawling corpses (Elf:3)
1673 creatures vanquished.

Vanquished Creatures (others)
  A deep elf master archer (Elf:3)
  2 nagarajas
  A naga warrior (Snake:4)
  4 naga sharpshooters
  A deep elf knight (Elf:1)
  A deep elf mage (Elf:1)
  2 yaktaurs
  A swamp drake (Depths:5)
  2 orc warriors
  2 orcs (Orc:2)
  A kobold (D:14)
  9 fungi
  8 plants
35 creatures vanquished.

Grand Total: 1708 creatures vanquished

Notes
Turn   | Place    | Note
-------+----------+-------------------------------------------
     0 | D:1      | Zyracius the Minotaur Gladiator began the quest for the
                  | Orb.
     0 | D:1      | Reached XP level 1. HP: 18/18 MP: 0/0
    17 | D:1      | Reached skill level 3 in Fighting
   181 | D:1      | Reached XP level 2. HP: 26/26 MP: 1/1
   541 | D:1      | Reached skill level 1 in Armour
   752 | D:1      | Reached XP level 3. HP: 31/33 MP: 2/2
   899 | D:2      | Reached skill level 4 in Fighting
  1047 | D:2      | Noticed Jessica
  1051 | D:2      | Killed Jessica
  1051 | D:2      | Reached XP level 4. HP: 41/41 MP: 3/3
  1181 | D:2      | Noticed Natasha
  1187 | D:2      | Killed Natasha
  1187 | D:2      | Reached skill level 5 in Fighting
  1187 | D:2      | Reached XP level 5. HP: 45/48 MP: 4/4
  2120 | D:4      | Found a radiant altar of Vehumet.
  2297 | D:4      | Reached XP level 6. HP: 52/57 MP: 5/5
  2349 | D:4      | Reached skill level 6 in Fighting
  2432 | D:4      | Reached skill level 5 in Armour
  2602 | D:4      | Found the +8 lance "Wyrmbane" {slay drac, rPois rF+ rC+
                  | AC+3}
  2921 | D:5      | Entered Level 5 of the Dungeon
  3121 | D:5      | Reached skill level 1 in Polearms
  3129 | D:5      | Noticed an ice beast
  3133 | D:5      | Killed an ice beast
  3133 | D:5      | Reached skill level 7 in Fighting
  3133 | D:5      | Reached XP level 7. HP: 66/66 MP: 6/6
  3308 | D:5      | Found Ehede's General Store.
  3657 | D:6      | Noticed Pikel
  3987 | D:6      | Reached skill level 5 in Polearms
  4320 | D:6      | Reached XP level 8. HP: 74/74 MP: 7/7
  4374 | D:6      | Reached skill level 8 in Fighting
  4515 | D:6      | Killed Pikel
  4896 | D:7      | Reached skill level 9 in Fighting
  5293 | D:7      | Reached XP level 9. HP: 83/83 MP: 8/8
  5312 | D:7      | Reached skill level 10 in Fighting
  5436 | D:7      | Found a staircase to the Ecumenical Temple.
  5445 | Temple   | Entered the Ecumenical Temple
  5508 | Temple   | Became a worshipper of Warmaster Okawaru
  5621 | D:8      | Reached * piety under Okawaru
  5621 | D:8      | Reached skill level 11 in Fighting
  5654 | D:8      | Found a staircase to the Lair.
  5659 | D:8      | Reached XP level 10. HP: 62/96 MP: 9/9
  5762 | D:8      | You fall into a shaft and drop 2 floors!
  5762 | D:10     | Entered Level 10 of the Dungeon
  5762 | D:10     | Found a staircase to the Orcish Mines.
  5782 | D:10     | Reached ** piety under Okawaru
  6062 | D:10     | Reached skill level 12 in Fighting
  6078 | D:10     | Killed an unseen horror
  6078 | D:10     | Reached *** piety under Okawaru
  6078 | D:10     | Reached skill level 10 in Armour
  6104 | D:10     | Noticed a rust devil
  6630 | D:10     | Reached skill level 13 in Fighting
  6644 | D:10     | Reached **** piety under Okawaru
  7559 | D:10     | Reached XP level 11. HP: 107/107 MP: 10/10
  7668 | D:11     | Noticed a white ugly thing
  7681 | D:11     | Killed a white ugly thing
  7725 | D:11     | HP: 3/107 [something (6)]
  7744 | D:10     | Reached ***** piety under Okawaru
  8337 | D:11     | Found a stormy altar of Qazlal.
  8501 | D:11     | Noticed a white ugly thing
  8518 | D:11     | Reached skill level 14 in Fighting
  8534 | D:11     | Killed a white ugly thing
  8798 | D:11     | Got a bronze ring mail
  8804 | D:11     | Got a brightly glowing short sword
  8816 | D:11     | Identified the +8 short sword of Honour {drain, *Drain
                  | rPois rN+++ SInv} (You found it on level 11 of the Dungeon)
  8817 | D:11     | Identified the +3 ring mail "Zotunk" {Dex+4} (You found it
                  | on level 11 of the Dungeon)
  8886 | D:11     | Noticed a sun demon
  9322 | D:12     | Found a flickering gateway to a bazaar.
  9379 | Bazaar   | Entered a bazaar
  9381 | Bazaar   | Found Pacli Koa's Book Boutique.
  9385 | Bazaar   | Found Ufeefuqego's Assorted Antiques.
  9385 | Bazaar   | Found Kiducisi's Book Boutique.
  9385 | Bazaar   | Found Piasiq's Assorted Antiques.
  9475 | D:12     | Noticed a two-headed ogre
  9477 | D:12     | Noticed a white ugly thing
  9496 | D:12     | Reached ****** piety under Okawaru
  9504 | D:12     | Killed a two-headed ogre
  9504 | D:12     | Received a gift from Okawaru
  9504 | D:12     | Reached skill level 15 in Fighting
  9512 | D:12     | Killed a white ugly thing
  9512 | D:12     | Reached skill level 10 in Polearms
  9724 | D:12     | Reached XP level 12. HP: 70/121 MP: 11/11
 10070 | D:13     | Noticed a two-headed ogre
 10083 | D:13     | Killed a two-headed ogre
 10650 | D:13     | Noticed a centaur warrior
 10657 | D:13     | Killed a centaur warrior
 10657 | D:13     | Reached skill level 16 in Fighting
 10729 | D:13     | Received a gift from Okawaru
 10968 | D:13     | Noticed a seven-headed hydra
 10975 | D:13     | Killed a seven-headed hydra
 11113 | D:13     | Noticed a two-headed ogre
 11122 | D:13     | Killed a two-headed ogre
 11160 | D:13     | Noticed a vault guard
 11170 | D:13     | Killed a vault guard
 11171 | D:13     | Noticed an ettin
 11657 | D:13     | Found a gate to the Vaults.
 11697 | D:14     | Noticed Louise
 11945 | D:14     | Got a brightly glowing tin ring
 11946 | D:14     | Identified the ring of the Catfish {AC+3 Int+7} (You found
                  | it on level 14 of the Dungeon)
 11971 | D:14     | Noticed a two-headed ogre
 11972 | D:14     | Noticed a four-headed hydra
 11982 | D:14     | Killed a two-headed ogre
 11988 | D:14     | Killed a four-headed hydra
 11988 | D:14     | Received a gift from Okawaru
 12072 | D:14     | Noticed a centaur warrior
 12080 | D:14     | Killed a centaur warrior
 12080 | D:14     | Reached skill level 17 in Fighting
 12318 | D:14     | Noticed a catoblepas
 12321 | D:14     | Reached XP level 13. HP: 110/132 MP: 12/12
 12711 | D:14     | Found a flickering gateway to a bazaar.
 12742 | D:14     | Identified the ring of Patience {+Inv rN+ Slay+4}
 12801 | D:14     | Killed Louise
 12997 | Bazaar   | Entered a bazaar
 13001 | Bazaar   | Found Puseboqa's Jewellery Boutique.
 13019 | Bazaar   | Found Vimo's Antique Armour Emporium.
 13067 | Bazaar   | Found Coaggo's Book Boutique.
 13084 | Bazaar   | Found Siwkouj's Antique Weapon Shoppe.
 13155 | Bazaar   | Bought an encrusted plate armour for 560 gold pieces
 13165 | Bazaar   | Identified the +1 plate armour of Knowledge {rF+ rN+ rCorr
                  | Int+2} (You bought it in a shop in a bazaar)
 13809 | D:15     | Entered Level 15 of the Dungeon
 13812 | D:15     | Found Tibraf's Demolitions Depot.
 13907 | D:15     | Received a gift from Okawaru
 13907 | D:15     | Reached skill level 18 in Fighting
 14073 | D:15     | Found a shadowy altar of Dithmenos.
 14102 | D:15     | Found a stormy altar of Qazlal.
 14957 | D:15     | Found a staircase to the Depths.
 14968 | Depths:1 | Entered Level 1 of the Depths
 14970 | Depths:1 | Noticed a frost giant
 14984 | Depths:1 | Killed a frost giant
 14984 | Depths:1 | Reached skill level 15 in Polearms
 15535 | D:9      | Reached XP level 14. HP: 142/143 MP: 13/13
 15626 | D:9      | Found Vaguocaj's Antique Armour Boutique.
 15828 | D:9      | Got an ancient falchion
 15958 | D:8      | Noticed Gastronok
 15981 | D:8      | Killed Gastronok
 15981 | D:8      | Reached skill level 15 in Armour
 16276 | D:8      | Found a runed translucent door.
 16298 | D:8      | Found a runed translucent door.
 16298 | D:8      | Found a runed translucent door.
 16339 | D:8      | Received a gift from Okawaru
 16369 | D:8      | Got a coiled ivory ring
 16372 | D:8      | Got a translucent bronze ring
 16381 | D:8      | Got a flickering brass ring
 16384 | D:8      | Got a vibrating bone ring
 16386 | D:8      | Identified the ring of Equivalence {Ice Int+7 Dex+4} (You
                  | found it on level 8 of the Dungeon)
 16388 | D:8      | Identified the ring "Toibribb" {+Fly rC- MR+++ AC+4 Dex+4}
                  | (You found it on level 8 of the Dungeon)
 16390 | D:8      | Identified the ring "Gaavir" {MR+ Int+3} (You found it on
                  | level 8 of the Dungeon)
 16392 | D:8      | Identified the ring of Vikk {Dex+3 Slay+3} (You found it on
                  | level 8 of the Dungeon)
 16784 | Lair:1   | Entered Level 1 of the Lair of Beasts
 17640 | Lair:2   | Received a gift from Okawaru
 18328 | Lair:3   | Found a staircase to the Snake Pit.
 18336 | Lair:3   | Received a gift from Okawaru
 18350 | Lair:3   | Got an ancient cloak {god gift}
 18361 | Lair:3   | Identified the +0 cloak "Saoptuin" {rC+ Str+3} (Okawaru
                  | gifted it to you on level 3 of the Lair of Beasts)
 18495 | Lair:3   | Found a gate leading to a gauntlet.
 18558 | Lair:3   | Noticed Fannar
 18569 | Lair:3   | Killed Fannar
 19297 | Lair:4   | Found a staircase to the Shoals.
 19368 | Lair:4   | You fall into a shaft and drop 2 floors!
 19368 | Lair:6   | Entered Level 6 of the Lair of Beasts
 20280 | Lair:4   | Reached XP level 15. HP: 149/149 MP: 14/14
 20571 | Lair:5   | Received a gift from Okawaru
 20679 | Lair:5   | Reached skill level 1 in Shields
 20976 | Lair:5   | Noticed Rupert
 20987 | Lair:5   | Killed Rupert
 21181 | Lair:6   | Found a viscous altar of Jiyva.
 21181 | Lair:6   | Found a staircase to the Slime Pits.
 21249 | Lair:6   | Reached skill level 5 in Shields
 21366 | Lair:6   | Got a scorched plate armour
 21377 | Lair:6   | Identified the +5 plate armour of Lakunuts {rPois Int+4
                  | SInv} (You found it on level 6 of the Lair of Beasts)
 21779 | Slime:1  | Entered Level 1 of the Pits of Slime
 21781 | Slime:1  | Noticed an acid blob
 21785 | Slime:1  | Noticed an azure jelly
 22023 | Snake:1  | Entered Level 1 of the Snake Pit
 22112 | Snake:1  | Found Cirulair's Antique Armour Emporium.
 22365 | Snake:1  | Found Utoch's Gadget Boutique.
 22495 | Snake:1  | Received a gift from Okawaru
 22573 | Snake:1  | Found a shadowy altar of Dithmenos.
 23146 | Snake:2  | Noticed a nagaraja
 23184 | Snake:2  | HP: 7/149 [poisoned by a nagaraja (splash of poison)]
 23191 | Snake:2  | HP: 7/149 [poisoned by a nagaraja (splash of poison)]
 23219 | Snake:1  | Reached XP level 16. HP: 46/157 MP: 15/15
 23549 | Snake:2  | Reached skill level 10 in Shields
 23987 | Snake:2  | Found the +3 robe of Folly {Archmagi, MR-- Int+5}
 24036 | Snake:2  | Identified the +6 great sword of Poverty {venom, *Rage
                  | rPois rF++ Str-5}
 24500 | Snake:3  | Received a gift from Okawaru
 24503 | Snake:3  | Got a pair of brightly glowing gloves {god gift}
 24514 | Snake:3  | Identified the +1 pair of gloves of Okawaru's Approval
                  | {Slay+2} (Okawaru gifted it to you on level 3 of the Snake
                  | Pit)
 24703 | Snake:3  | Found Juobacve's Weapon Emporium.
 25158 | Snake:3  | Reached skill level 19 in Fighting
 25511 | Snake:3  | Noticed Saint Roka
 25539 | Snake:3  | Killed Saint Roka
 25906 | Snake:4  | Entered Level 4 of the Snake Pit
 26123 | Snake:4  | Received a gift from Okawaru
 26243 | Snake:4  | Received a gift from Okawaru
 26707 | Snake:4  | Reached XP level 17. HP: 169/170 MP: 16/16
 26717 | Snake:4  | Reached skill level 20 in Fighting
 27150 | Snake:4  | Received a gift from Okawaru
 27595 | Snake:4  | Got a serpentine rune of Zot
 28124 | Orc:1    | Entered Level 1 of the Orcish Mines
 28325 | Orc:2    | Entered Level 2 of the Orcish Mines
 28325 | Orc:2    | Found Wis Poyh's Distillery.
 28325 | Orc:2    | Found Zull's Distillery.
 28454 | Orc:2    | Bought 2 potions of heal wounds for 150 gold pieces
 28454 | Orc:2    | Bought a potion of heal wounds for 75 gold pieces
 28611 | Orc:2    | Found a staircase to the Elven Halls.
 28781 | Orc:2    | Found Caockih's General Store.
 28821 | Orc:2    | Found Arghitov's Weapon Shoppe.
 28958 | Orc:2    | Found a roughly hewn altar of Beogh.
 28980 | Orc:2    | Found Orchade's Armour Shop.
 29062 | Orc:2    | Found a roughly hewn altar of Beogh.
 29075 | Orc:2    | Found Vyungafij's Armour Boutique.
 29087 | Orc:2    | Bought the +2 shield of Resistance {rF+ rC+ MR+} for 575
                  | gold pieces
 29087 | Orc:2    | Found the +2 shield of Resistance {rF+ rC+ MR+}
 29224 | Orc:2    | Found Gelo's Antique Weapon Shoppe.
 29225 | Orc:2    | Found a roughly hewn altar of Beogh.
 29226 | Orc:2    | Found Nuimegriady's Antique Armour Emporium.
 29319 | Elf:1    | Entered Level 1 of the Elven Halls
 29357 | Elf:1    | Received a gift from Okawaru
 29357 | Elf:1    | Reached skill level 21 in Fighting
 30226 | Elf:1    | Received a gift from Okawaru
 30462 | Elf:2    | Received a gift from Okawaru
 30462 | Elf:2    | Reached XP level 18. HP: 164/182 MP: 17/17
 30541 | Elf:2    | Found Huclet Neihi's Antique Weapon Shoppe.
 30864 | Elf:2    | Found a huge runed translucent gate.
 30864 | Elf:2    | Found a huge runed translucent gate.
 30864 | Elf:2    | Found a huge runed translucent gate.
 30864 | Elf:2    | Found a huge runed translucent gate.
 30864 | Elf:2    | Found a huge runed translucent gate.
 31118 | Elf:2    | Reached skill level 22 in Fighting
 31410 | Elf:3    | Entered Level 3 of the Elven Halls
 31478 | Elf:3    | Found Nicloylax's Assorted Antiques.
 31558 | Elf:3    | Received a gift from Okawaru
 31580 | Elf:3    | Noticed a Brimstone Fiend
 31940 | Elf:3    | Noticed a Hell Sentinel
 31960 | Elf:3    | Noticed a Hell Sentinel
 31971 | Elf:3    | Noticed a Tzitzimitl
 32313 | Elf:3    | Identified the +4 trident "Firaom" {elec, rC- Str+7 Dex+3}
 32319 | Elf:3    | Noticed an Ice Fiend
 32453 | Elf:3    | Received a gift from Okawaru
 32453 | Elf:3    | Reached skill level 23 in Fighting
 32574 | Elf:3    | Identified the +8 rapier of Watchfulness {pain, +Rage rElec
                  | MP-9 Dex+7}
 32596 | Elf:3    | Reached XP level 19. HP: 115/195 MP: 18/18
 32802 | Elf:3    | Got an encrusted trident {god gift}
 32808 | Elf:3    | Identified the +7 trident of Demand {vamp, MR+} (Okawaru
                  | gifted it to you on level 3 of the Elven Halls)
 33116 | Elf:3    | Identified the Collected Works on Cloudy Calling
 33260 | Elf:3    | Identified the +4 halberd "Bugely" {venom, rF+ MR+ Str-2}
 33858 | Depths:1 | Paralysed by a floating eye for 4 turns
 33873 | Depths:1 | Paralysed by a floating eye for 2 turns
 34234 | Depths:1 | Found a gateway to Hell.
 34324 | Depths:1 | Found a one-way gate leading to the halls of Pandemonium.
 34413 | Depths:1 | Found a one-way gate to the infinite horrors of the Abyss.
 34544 | Depths:1 | Found a huge runed gate.
 34545 | Depths:1 | Found a huge runed gate.
 34547 | Depths:1 | Found a huge runed gate.
 34548 | Depths:1 | Found a huge runed gate.
 34549 | Depths:1 | Found a huge runed gate.
 34549 | Depths:1 | Found a huge runed gate.
 34549 | Depths:1 | Found a huge runed gate.
 34553 | Depths:1 | Found a huge runed gate.
 34553 | Depths:1 | Found a huge runed gate.
 34553 | Depths:1 | Found a huge runed gate.
 34553 | Depths:1 | Found a huge runed gate.
 34553 | Depths:1 | Found a huge runed gate.
 34553 | Depths:1 | Found a huge runed gate.
 34553 | Depths:1 | Found a huge runed gate.
 34554 | Depths:1 | Found a huge runed gate.
 34797 | Depths:1 | Received a gift from Okawaru
 34841 | Depths:1 | Found a huge runed gate.
 34841 | Depths:1 | Found a huge runed gate.
 34841 | Depths:1 | Found a huge runed gate.
 34841 | Depths:1 | Found a huge runed gate.
 34841 | Depths:1 | Found a huge runed gate.
 34910 | Depths:1 | Found a huge runed gate.
 35016 | Depths:1 | Found a huge runed gate.
 35017 | Depths:1 | Found a huge runed gate.
 35022 | Depths:1 | Found a huge runed gate.
 35022 | Depths:1 | Found a huge runed gate.
 35341 | Depths:1 | Found a huge runed gate.
 36045 | Depths:2 | Got a vibrating sapphire amulet
 36049 | Depths:2 | Identified the amulet of Niess {rC+ MR+ Regen+ SInv} (You
                  | found it on level 2 of the Depths)
 36343 | Depths:2 | Got a fine morningstar
 36504 | Depths:2 | Gained mutation: You are dopey. (Int -2) [a neqoxec]
 36534 | Depths:2 | Identified the +0 robe of Generosity {Str+3}
 36934 | Depths:2 | Reached skill level 15 in Shields
 37192 | Depths:2 | Received a gift from Okawaru
 37202 | Depths:2 | Reached XP level 20. HP: 187/206 MP: 6/19
 37514 | Depths:3 | Found a gateway to a ziggurat.
 37564 | Depths:3 | Found Ruhosk's Gadget Boutique.
 37565 | Depths:3 | Found Tiudik's Jewellery Shoppe.
 37566 | Depths:3 | Found Pulew's Gadget Boutique.
 37638 | Depths:3 | Reached skill level 24 in Fighting
 37666 | Depths:3 | Noticed Frederick
 37680 | Depths:3 | Killed Frederick
 38033 | Depths:3 | Found a runed translucent door.
 38035 | Depths:3 | Noticed feelmyfire's ghost (veteran HaGl)
 38261 | Depths:3 | Found the ring of the Mage {Wiz MR++ Int+3}
 38615 | Depths:3 | Found the +8 storm bow {elec, penet}
 39224 | Depths:4 | Noticed a juggernaut
 39261 | Depths:4 | Received a gift from Okawaru
 39682 | Depths:4 | Received a gift from Okawaru
 39719 | Depths:4 | Reached skill level 25 in Fighting
 39984 | Depths:4 | Noticed a juggernaut
 40003 | Depths:4 | Killed a juggernaut
 40141 | Depths:4 | Reached XP level 21. HP: 205/217 MP: 18/20
 40429 | Depths:4 | Received a gift from Okawaru
 40442 | Depths:4 | Killed a juggernaut
 40447 | Depths:4 | Got an encrusted chain mail {god gift}
 40465 | Depths:4 | Identified the +6 chain mail "Wuit" {Int+4} (Okawaru gifted
                  | it to you on level 4 of the Depths)
 40958 | Depths:4 | Noticed a golden dragon
 40971 | Depths:4 | Killed a golden dragon
 41153 | Depths:5 | Entered Level 5 of the Depths
 41177 | Depths:4 | Reached skill level 26 in Fighting
 41858 | Depths:5 | Found a gate to the Realm of Zot.
 41858 | Depths:5 | Noticed a golden dragon
 41897 | Depths:5 | Received a gift from Okawaru
 41921 | Depths:5 | Killed a golden dragon
 42070 | Depths:5 | Noticed a golden dragon
 42075 | Depths:5 | Killed a golden dragon
 42302 | Depths:5 | Received a gift from Okawaru
 42711 | Depths:4 | Reached XP level 22. HP: 229/229 MP: 21/21
 43778 | Depths:3 | Killed feelmyfire's ghost
 44580 | Slime:2  | Reached skill level 27 in Fighting
 44986 | Slime:2  | Gained mutation: You tend to lose your temper in combat. [a
                  | shining eye]
 45346 | Slime:4  | Received a gift from Okawaru
 45370 | Slime:4  | Gained mutation: Your magical capacity is low. (-10% MP) [a
                  | shining eye]
 45377 | Slime:4  | Lost mutation: You are dopey. (Int -2) [a shining eye]
 45379 | Slime:4  | Gained mutation: Your spells are a little easier to cast,
                  | but a little less powerful. [a shining eye]
 45380 | Slime:4  | Gained mutation: You are weak. (Str -2) [a shining eye]
 45683 | Slime:5  | Entered Level 5 of the Pits of Slime
 45963 | Slime:5  | Found a viscous altar of Jiyva.
 45966 | Slime:5  | Noticed the Royal Jelly
 45976 | Slime:5  | Paralysed by a floating eye for 3 turns
 45982 | Slime:5  | Paralysed by a floating eye for 2 turns
 46048 | Slime:5  | Received a gift from Okawaru
 46348 | Slime:3  | HP: 4/233 [acid blob/splash of acid (8)]
 46352 | Slime:3  | HP: 1/233 [acid (5)]
 46353 | Slime:3  | Killed from afar by an acid blob

Levels and vault maps discovered:
D:1:      zelgadis_glass_arrival_small, layout_loops_ring
D:2:      layout_rooms, uniq_natasha, uniq_jessica
D:3:      layout_loops_ring, minmay_cupped
D:4:      layout_basic, vehumet_crystals
D:5:      layout_loops_ring, serial_shops, shop, first_ration,
          minmay_misc_feat_doors
D:6:      layout_layer_cave, minmay_holes, uniq_pikel
D:7:      kennysheep_spiral_hall, layout_cave_pools,
          minmay_temple_entry_statues_pillars, grunt_livestock
D:8:      minmay_the_grid_triangle_9x9_rhombus_thin
          [minmay_the_grid_triangle_9x9_limited_checkers,
          minmay_the_grid_triangle_9x9_prize_special,
          minmay_the_grid_triangle_9x9_subtriangle,
          minmay_the_grid_triangle_9x9_tough_junction], layout_loops_cross,
          minmay_lair_entry_grove, nicolae_ossuary_entry_false_entrances,
          uniq_gastronok
D:9:      layout_rooms, serial_shops,
          nicolae_shop_temple_entry_statues_fountains,
          chequers_serial_rivers_small_b
D:10:     wad_woods_minihive, layout_small_grid, minmay_orc_entry_guard_dogs,
          nicolae_twisting_strands, nicolae_zen_rock_garden, roderic_batcave
D:11:     layout_small_grid, basic_altar
D:12:     layout_rooms, serial_shops, bzr_entry_lakeside
D:13:     layout_rooms, david_vaults_4, kb_rosetta
D:14:     layout_irregular_city, patterned_corridor, serial_shops,
          bzr_entry_water, hangedman_cracks_in_the_wall, uniq_louise
D:15:     gammafunk_enter_depths_forms, layout_loops_ring,
          grunt_dithmenos_smoke, nicolae_blasting_shop,
          nicolae_qazlal_eye_of_the_storm
Temple:   minmay_crystal_snake_temple
Lair:1:   layout_loops_ring, chequers_serial_rivers_micro_a
Lair:2:   layout_roguey, nicolae_lair_grove_arrangements,
          infiniplex_staircase_pool_2
Lair:3:   layout_layer_cave, guppyfry_snake_entry_garden,
          gauntlet_entry_generic, uniq_fannar
Lair:4:   layout_long_grid, shoals_dummy_entry, gammafunk_lair_bear_cave
Lair:5:   layout_long_grid, st_stairs_6, serial_bayou_shore_a, uniq_rupert
Lair:6:   gammafunk_lair_ancient_temple, layout_concentric_octagons,
          slime_altar_1, serial_bayou_pond_d
Snake:1:  layout_onion_interference, basic_altar, serial_shops, shop, shop
Snake:2:  nicolae_snakescales, layout_layer_cave
Snake:3:  layout_onion, serial_shops, shop, nicolae_snake_round_shape_thing,
          st_stairs_7, drop_trap, uniq_saint_roka
Snake:4:  snake_pit, layout_cave_town
Slime:1:  layout_caves
Slime:2:  cheibrodos_slime_lost_civilization_3, layout_caves
Slime:3:  layout_caves, nicolae_slime_round_cave
Slime:4:  layout_caves
Slime:5
Orc:1:    layout_caves, serial_shops, nicolae_shop_trees
Orc:2:    grunt_orc_community_town_hall, layout_diamond_mine,
          grunt_orc_community_big_house_2, grunt_orc_community_big_house_2,
          grunt_orc_community_house_1, grunt_orc_community_house_3,
          grunt_orc_community_house_2, grunt_orc_community_house_3,
          serial_shops, shop, shop, shop, shop
Elf:1:    kennysheep_blocky_room, layout_geoelf_octagon, mu_enter_wizlab_3,
          minivault_28
Elf:2:    layout_onion_city, serial_shops, shop_fountains, due_unseen_surprise
Elf:3:    grunt_elf_hall_spiral, layout_geoelf_octagon, serial_shops, shop
Depths:1: layout_roguey, rand_demon_pan_entry_8, abyss_entry_crystal,
          hell_entry, corexii_corridor_pit, nicolae_water_bricks,
          minmay_misc_feat_encased, kennysheep_path_1,
          chequers_serial_rivers_small_3, serial_bayou_ford_a,
          grunt_ministairs_12, minmay_misc_feat_four_crosses,
          corexii_leaking_fountain, door_vault
Depths:2: minmay_distorted_concentric_squares, layout_cave_shapes,
          minmay_misc_feat_chi, nicolae_abyss_entry_one_way_or_another,
          hell_entry, grunt_pan_entry_zigzag
Depths:3: gammafunk_mikee_crab_dinner, layout_gridlike, enter_ziggurat_a,
          ebering_ghost_inner_flame, pf_hell_entry_tar_spiral,
          grunt_pan_entry_sceptre, solitary_fountain, minmay_shop_grove,
          infiniplex_staircase_door_maze, uniq_frederick
Depths:4: hangedman_grunt_twisty_little_passages, layout_basic, pf_coc_iceberg,
          abyss_entry, pan_entry, minmay_misc_feat_roman
Depths:5: lemuel_castle_with_subvaults [lemuel_castle_interior_original],
          layout_cave_pools, hell_entry, serial_bayou_pond_d, uniq_jory

Skill      XL: |  1  2  3  4  5  6  7  8  9 10 11 12 13 14 15 16 17 18 19 20 21 22 |
---------------+-------------------------------------------------------------------+-----
Fighting       | 3 4 5 7 9 11 13 15 17 18 19 21 23 25 26 27 | 27.0
Armour         | 1 2 3 4 5 9 11 13 14 17 19 20 21 | 21.4
Polearms       | 2 5 9 10 13 15 17 19 20 | 20.1
Shields        | 9 13 15 17 20 22 | 22.3
Long Blades    | |  3.6
Throwing       | |  2.0
Dodging        | |  3.2

Action                   |  1- 3 |  4- 6 |  7- 9 | 10-12 | 13-15 | 16-18 | 19-21 | 22-24 || total
-------------------------+-------+-------+-------+-------+-------+-------+-------+-------++-------
Melee: Long sword        |    96 |   160 |       |       |       |       |       |       ||   256
       Headbutt          |    13 |    38 |    33 |   167 |   339 |   299 |   423 |   183 ||  1495
       Lance             |       |    25 |   211 |   915 |  1467 |  1658 |  1667 |   534 ||  6477
       Short sword       |       |       |       |     2 |       |       |       |       ||     2
Throw: Javelin           |       |       |       |       |       |       |       |     1 ||     1
Invok: Heroism           |       |       |       |     1 |     1 |       |     3 |     2 ||     7
Evoke: Wand              |       |       |     1 |     4 |     3 |     1 |     1 |       ||    10
       Sack of spiders   |       |       |       |       |       |       |     2 |       ||     2
       Fan of gales      |       |       |       |       |       |       |     1 |       ||     1
  Use: Scroll            |       |       |    17 |    12 |     9 |     4 |     7 |     2 ||    51
       Potion            |       |       |       |     4 |     5 |     8 |     2 |     8 ||    27
 Stab: Paralysed         |       |       |       |     7 |     1 |       |       |       ||     8
       Distracted        |       |       |       |     1 |     1 |       |       |       ||     2
       Confused          |       |       |       |       |       |       |     3 |       ||     3
       Invisible         |       |       |       |       |       |       |       |     6 ||     6
  Eat: Chunk             |     1 |     7 |     4 |     8 |    18 |     6 |    14 |     2 ||    60
       Ration            |       |       |     1 |     4 |     6 |     7 |     5 |     4 ||    27
Armor: Leather armour    |     5 |       |       |       |       |       |       |       ||     5
       Plate armour      |    69 |   123 |    69 |   285 |   411 |   366 |   319 |   226 ||  1868
       Ring mail         |       |       |       |   120 |    22 |       |       |       ||   142
Dodge: Dodged            |    32 |    59 |    42 |   287 |   209 |   168 |   180 |    90 ||  1067
       Deflected         |       |       |       |     2 |    11 |       |       |       ||    13
Block: Other             |       |       |       |       |    28 |       |       |       ||    28
       Reflection        |       |       |       |       |    13 |   125 |    17 |       ||   155
       Buckler           |       |       |       |       |   144 |   301 |       |       ||   445
       Shield            |       |       |       |       |       |   272 |   552 |   256 ||  1080
       Rpst.: Long sword |    10 |    15 |       |       |       |       |       |       ||    25

Table legend:
 A = Non-vault XP
 B = Vault XP
 C = Vault XP percentage of total XP
 D = Non-vault monster count
 E = Vault monster count
 F = Vault count percentage of total count
                 A         B        C        D         E       F
            +---------+---------+-------+---------+---------+-------
      Total |  428153 |  369699 |  46.3 |    1091 |     579 |  34.7
            +---------+---------+-------+---------+---------+-------
        D:1 |      44 |       0 |   0.0 |      26 |       0 |   0.0
        D:2 |     117 |      73 |  38.4 |      29 |       2 |   6.5
        D:3 |      44 |      29 |  39.7 |      18 |       5 |  21.7
        D:4 |     371 |       0 |   0.0 |      21 |       0 |   0.0
        D:5 |     525 |       0 |   0.0 |      15 |       0 |   0.0
        D:6 |     347 |     651 |  65.2 |       8 |       1 |  11.1
        D:7 |     347 |    1077 |  75.6 |      17 |       8 |  32.0
        D:8 |    1666 |    6265 |  79.0 |      30 |      25 |  45.5
        D:9 |     890 |       0 |   0.0 |      20 |       0 |   0.0
       D:10 |    2331 |    3501 |  60.0 |      16 |      60 |  78.9
       D:11 |    5363 |       0 |   0.0 |      65 |       0 |   0.0
       D:12 |    6249 |       0 |   0.0 |      46 |       0 |   0.0
       D:13 |    6687 |    5298 |  44.2 |      25 |       9 |  26.5
       D:14 |    9140 |    4521 |  33.1 |      40 |      12 |  23.1
       D:15 |   10351 |    5075 |  32.9 |      24 |      12 |  33.3
     Lair:1 |    6965 |       0 |   0.0 |      34 |       0 |   0.0
     Lair:2 |    5922 |       0 |   0.0 |      25 |       0 |   0.0
     Lair:3 |    3859 |    1474 |  27.6 |      15 |       4 |  21.1
     Lair:4 |    6554 |     933 |  12.5 |      27 |       4 |  12.9
     Lair:5 |    5219 |    2578 |  33.1 |      21 |       1 |   4.5
     Lair:6 |    9828 |   10296 |  51.2 |      28 |      24 |  46.2
    Snake:1 |   15161 |       0 |   0.0 |      26 |       0 |   0.0
    Snake:2 |   22036 |    2238 |   9.2 |      41 |       5 |  10.9
    Snake:3 |   19684 |    7223 |  26.8 |      34 |      17 |  33.3
    Snake:4 |   24912 |   31971 |  56.2 |      51 |      46 |  47.4
    Slime:1 |   17114 |       0 |   0.0 |      22 |       0 |   0.0
    Slime:2 |   13972 |       0 |   0.0 |      27 |       0 |   0.0
    Slime:3 |    2389 |     546 |  18.6 |       9 |       2 |  18.2
    Slime:4 |   12973 |       0 |   0.0 |      25 |       0 |   0.0
    Slime:5 |   18560 |    9266 |  33.3 |      15 |       9 |  37.5
      Orc:1 |    1102 |       0 |   0.0 |       7 |       0 |   0.0
      Orc:2 |    4308 |    6104 |  58.6 |      38 |      62 |  62.0
      Elf:1 |   14528 |   11141 |  43.4 |      23 |      20 |  46.5
      Elf:2 |   20870 |   26772 |  56.2 |      32 |      31 |  49.2
      Elf:3 |   16749 |   38929 |  69.9 |      27 |      27 |  50.0
   Depths:1 |   14697 |   25394 |  63.3 |      20 |      26 |  56.5
   Depths:2 |   39871 |    9568 |  19.4 |      50 |      19 |  27.5
   Depths:3 |   16754 |   19772 |  54.1 |      17 |      28 |  62.2
   Depths:4 |   55950 |   94575 |  62.8 |      59 |      85 |  59.0
   Depths:5 |   13704 |   44429 |  76.4 |      18 |      35 |  66.0
            +---------+---------+-------+---------+---------+-------
